 Dungeon Crawl Stone Soup version 0.30-a0-141-g30f27751c5 (webtiles) character file.

Game seed: 383057919599598713

915 themarg the Magician (level 8, 0/46 HPs)
             Began as a Djinni Transmuter on Sept 25, 2022.
             Was a Follower of Hepliaklqana.
             Slain by Sigmund
             ... wielding a +0 scythe
              (11 damage)
             ... on level 5 of the Dungeon.
             The game lasted 00:15:28 (6044 turns).

themarg the Magician (Djinni Transmuter)            Turns: 6044, Time: 00:15:29

Health: 0/46       AC:  2    Str:  9    XL:     8   Next: 30%
Gold:   265        EV: 24    Int: 17    God:    Hepliaklqana [*.....] SH:  0 Dex: 19

rFire   . . .      SeeInvis .      - Unarmed
rCold   . . .      Faith    .    (shield currently unavailable)
rNeg    . . .      Spirit   .    (body armour currently unavailable)
rPois   ∞          Reflect  .    (helmet currently unavailable)
rElec   .          Harm     .    (cloak currently unavailable)
rCorr   .          Rampage  .    (gloves currently unavailable)
Will    .....                    (boots unavailable)
Stlth   +++.......               (no amulet)
HPRegen 0.15/turn                f - +4 ring of evasion
MPRegen 0.00/turn                (no ring)

@: spider-form, flying
A: venomous fangs, flying, reduced essence, sickness immunity, tiny, (fire
resistance 2), (cold vulnerability 1), float, innate caster, HP casting, extra
vitality 1
a: End Transformation, Renounce Religion, Recall Ancestor, Ancestor Identity


You were on level 5 of the Dungeon.
You worshipped Hepliaklqana.
Hepliaklqana was aware of your devotion.
You were a venomous arachnid creature.
You visited 2 branches of the dungeon, and saw 6 of its levels.

You collected 265 gold pieces.

Inventory:

Hand Weapons
 m - a +3 war axe of freezing
 D - a +3 dagger of speed (melded)
Missiles
 h - 6 poisoned darts
Armour
 a - a +0 robe (melded)
 x - a +0 cloak (melded)
Magical Staves
 k - a staff of air
Jewellery
 f - a +4 ring of evasion (left front leg)
Wands
 s - a wand of polymorph (12)
Scrolls
 c - a scroll of enchant weapon {unknown}
 g - a scroll of amnesia {unknown}
 l - 3 scrolls of butterflies {unknown}
 n - a scroll of identify {unknown}
 o - 2 scrolls of silence {unknown}
 u - 3 scrolls of fear {unknown}
 w - a scroll of enchant armour {unknown}
 y - a scroll of teleportation {unknown}
 B - 2 scrolls of immolation {unknown}
Potions
 b - 2 potions of lignification
 d - 4 potions of brilliance
 e - 3 potions of heal wounds {unknown}
 i - 2 potions of magic {unknown}
 j - a potion of degeneration {unknown}
 p - 3 potions of curing {unknown}
 q - a potion of invisibility {unknown}
 r - 2 potions of mutation {unknown}
 t - a potion of cancellation {unknown}
 v - a potion of haste {unknown}
 z - 3 potions of attraction {unknown}
 A - a potion of ambrosia {unknown}
 C - a potion of berserk rage {unknown}
 E - a potion of flight {unknown}


   Skills:
 - Level 1.4 Fighting
 - Level 2.5 Dodging
 - Level 3.0 Stealth
 - Level 3.2 Unarmed Combat
 + Level 6.2 Spellcasting


You had 3 spell levels left.
You knew the following spells:

 Your Spells              Type           Power      Damage    Failure   Level
a - Beastly Appendage     Tmut           52%        N/A       4%          1
b - Wereblood             Tmut           26%        N/A       6%          2
c - Spider Form           Tmut/Pois      26%        N/A       10%         3
d - Ice Form              Ice/Tmut       26%        N/A       24%         4
e - Foxfire               Conj/Fire      100%       2x1d9     4%          1
f - Static Discharge      Conj/Air       52%        2-5/arc   6%          2
g - Teleport Other        Tloc           26%        N/A       10%         3
Your spell library was empty.

Dungeon Overview and Level Annotations

Branches:
Dungeon (5/15)             Temple (1/1) D:4

Altars:
Elyvilon
Fedhas
Hepliaklqana
Okawaru
Trog
Uskayaw
Xom
Zin
The Shining One

Annotations:
D:3 Natasha
D:5 Sigmund


Innate Abilities, Weirdness & Mutations

You are a venomous arachnid creature.
You have poisonous fangs.
You are tiny and dextrous.
You are flying.
Your spellcasting is less reliable in this form.
Your armour is entirely melded.
You are incapable of wielding weapons or throwing items.
Your life essence is reduced to manifest your ancestor. (-10% HP)
You are immune to sickness and miasma.
You are immune to poison.
((Your flesh is very heat resistant. (rF++)))
((You are vulnerable to cold. (rC-)))
You float through the air rather than walking.
You learn spells naturally, not from books.
Your magical power is your life essence.
You have superior vitality. (+4 MHP)


Message History

You kill the quokka!
Your transformation is almost over.
Your transformation has ended.
Your +3 dagger of speed unmelds from your body.
Your +0 cloak unmelds from your body.
Your +0 robe unmelds from your body.
Your hands tingle!
There is an escape hatch in the ceiling here.
The hound barks!
Casting: Spider Form (dangerous; 3% risk of failure)
Confirm with . or Enter, or press ? or * to list all spells.
You turn into a venomous arachnid creature.
Your +3 dagger of speed melds into your body.
Your +0 cloak melds into your body.
Your +0 robe melds into your body.
Sigmund shouts!
You hit the hound.
The hound is poisoned.
The hound is moderately wounded.
The hound closely misses you.
Pumpkin misses the hound.
Sigmund mumbles some strange words.
Sigmund flickers and vanishes!
Deactivating autopickup; reactivate with Ctrl-A.
The hound misses you.
You hit the hound.
The hound is heavily wounded.
Pumpkin misses the hound.
The hound closely misses you.
You hit the hound.
The hound looks as sick as possible!
The hound is almost dead.
The hound bites you.
Pumpkin hits the hound.
The hound dies!
A magic dart appears from out of thin air!
The magic dart hits you!
Found a smoky ruby potion.
Something hits you!
Found 2 stones.
Something hits you!
* * * LOW HITPOINT WARNING * * *
You bite something! You completely miss something.
You hear some strange, mumbled words.
A puff of flame appears from out of thin air!
The puff of flame misses you. Something hits you!
You die...

...... #....... #....#....
#..... .
##...................
...... (.
.............##.....
...... #.. ..
........###..... ..#.[.
##.. #. ........≈≈≈≈≈≈≈≈
#####. ......#.
.......≈≈#≈#####
##....##..{##......≈≈ #≈ #
## #.....!....R......≈≈ ≈
>## #....##..###s.....≈# ≈
..###.##....##........≈#
.......#....##........≈#
............#.........≈#
.....#................≈#
.##.##.......##.......≈#
..#.#........##....#.#≈##
............####..##..≈≈##
.##.........#
##.......≈≈## #


You could see the friendly Pumpkin the ancestor.

Vanquished Creatures
  An ogre (D:5)
  A phantom (D:5)
  A necrophage (D:5)
  3 scorpions (D:4)
  A howler monkey (D:4)
  2 jellies (D:5)
  A hound (D:5)
  Crazy Yiuf (D:3)
  2 orc priests (D:4)
  An iguana (D:4)
  Natasha (D:3)
  An orc wizard (D:4)
  Robin (D:3)
  10 adders
  A dart slug (D:4)
  6 orcs
  5 ball pythons
  3 bats
  10 endoplasms
  2 giant cockroaches
  10 goblins
  7 hobgoblins
  4 jackals (D:4)
  7 kobolds
  5 quokkas
  A frilled lizard (D:1)
  18 rats
106 creatures vanquished.

Vanquished Creatures (collateral kills)
  A hound (D:5)
1 creature vanquished.

Grand Total: 107 creatures vanquished

Notes
Turn   | Place    | Note
-------+----------+-------------------------------------------
     0 | D:1      | themarg the Djinni Transmuter began the quest for the Orb.
     0 | D:1      | themarg set off with the following spells memorised:
                  | Beastly Appendage, Wereblood, Spider Form, Ice Form.
     0 | D:1      | Reached XP level 1. HP: 17/17 MP: 0/0
   188 | D:1      | Reached XP level 2. HP: 21/22 MP: 0/0
   688 | D:1      | Reached XP level 3. HP: 19/27 MP: 0/0
   688 | D:1      | Learned a level 1 spell: Foxfire
   818 | D:1      | Reached skill level 2 in Spellcasting
  1815 | D:2      | Reached skill level 1 in Stealth
  2040 | D:2      | Reached XP level 4. HP: 32/32 MP: 0/0
  2201 | D:2      | You are sucked into a shaft and drop 1 floor!
  2216 | D:3      | Noticed Natasha
  2221 | D:3      | Killed Natasha
  2291 | D:3      | Noticed Natasha
  2867 | D:3      | Noticed a +0 hand axe
  2867 | D:3      | Noticed a +0 hand axe
  2871 | D:3      | Reached XP level 5. HP: 35/37 MP: 0/0
  2871 | D:3      | Learned a level 2 spell: Static Discharge
  2872 | D:3      | Found a hide-covered altar of Uskayaw.
  2905 | D:3      | Noticed Robin
  2922 | D:3      | Killed Robin
  3261 | D:3      | Found a runed translucent door.
  3262 | D:3      | Noticed Crazy Yiuf
  3445 | D:3      | Killed Crazy Yiuf
  3446 | D:3      | Reached skill level 3 in Spellcasting
  3887 | D:4      | Reached XP level 6. HP: 33/42 MP: 0/0
  4538 | D:4      | Found a staircase to the Ecumenical Temple.
  4556 | Temple   | Entered the Ecumenical Temple
  4569 | Temple   | Became a worshipper of Hepliaklqana the Forgotten
  4635 | D:4      | Reached skill level 4 in Spellcasting
  4639 | D:4      | Reached XP level 7. HP: 29/47 MP: 0/0
  4639 | D:4      | Learned a level 3 spell: Teleport Other
  4790 | D:4      | Identified the +2 pair of boots of Parts Unknown {rF+
                  | rCorr}
  5212 | D:4      | Reached skill level 5 in Spellcasting
  5262 | D:5      | Entered Level 5 of the Dungeon
  5664 | D:5      | Reached XP level 8. HP: 47/52 MP: 0/0
  5912 | D:5      | Reached * piety under Hepliaklqana
  5928 | D:5      | Reached skill level 6 in Spellcasting
  5999 | D:5      | Noticed Sigmund
  6044 | D:5      | Slain by Sigmund

Illustrated notes

Levels and vault maps discovered:
D:1:      psy_arrival_terrarium, layout_basic, minmay_rat_gold_closets
D:2:      layout_basic
D:3:      layout_loops_ring, dancing_weapons_uskayaw, grunt_ministairs_15,
          uniq_robin, uniq_natasha, uniq_crazy_yiuf_cottage
D:4:      layout_loops_corners, minmay_temple_entry_tees
D:5:      layout_cave_pools, solitary_fountain, water_maze_lemuel, uniq_sigmund
Temple:   hellmonk_temple_rainy

Skill      XL: |  1  2  3  4  5  6  7  8 |
---------------+-------------------------+-----
Spellcasting   | 2 3 4 5 6 |  6.2
Stealth        | 1 2 3 |  3.0
Fighting       | |  1.4
Dodging        | |  2.5
Unarmed Combat | |  3.2

Action                   |  1- 3 |  4- 6 |  7- 9 || total
-------------------------+-------+-------+-------++-------
Melee: Unarmed           |    20 |   133 |    75 ||   228
       Dagger            |   111 |    16 |       ||   127
       Headbutt          |    23 |     3 |       ||    26
       Punch             |     3 |       |       ||     3
 Cast: Beastly Appendage |    28 |     1 |       ||    29
       Spider Form       |       |    23 |    11 ||    34
       Wereblood         |       |     3 |       ||     3
Invok: Ancestor Identity |       |       |     1 ||     1
 Stab: Sleeping          |     6 |     8 |     4 ||    18
Armor: Robe              |     4 |     1 |       ||     5
       Skin              |       |     6 |     3 ||     9
Dodge: Dodged            |    86 |   112 |    65 ||   263

Table legend: (Time is in decaauts)
 A = Elapsed time spent in this place.
 B = Non-inter-level travel time spent in this place.
 C = Inter-level travel time spent in this place.
 D = Time resting spent in this place.
 E = Time spent auto-exploring this place.
 F = Levels seen in this place.
 G = Mean time per level.
                   A        B        C        D        E       F      G
               +--------+--------+--------+--------+--------+-----+--------+
         Total |   6028 |   5842 |    186 |   1767 |   2874 |   6 | 1004.7 |
       Dungeon |   6006 |   5820 |    186 |   1767 |   2871 |   5 | 1201.2 |
        Temple |     21 |     21 |      0 |      0 |      3 |   1 |   21.0 |
               +--------+--------+--------+--------+--------+-----+--------+

Top non-repeatable levels by time:
     D:1: 1709 daAuts
     D:4: 1459 daAuts
     D:3: 1031 daAuts
     D:2: 1027 daAuts
     D:5: 778 daAuts
  Temple: 21 daAuts
